 Dungeon Crawl Stone Soup version 0.28-a0-973-ga7f8b01127 (webtiles) character file.

Game seed: 4781885077792140055

90 horus123 the Poker (level 4, -3/34 HPs)
             Began as a Merfolk Gladiator on Dec 2, 2021.
             Succumbed to Ijyb's poison
             ... on level 3 of the Dungeon.
             The game lasted 00:02:39 (2045 turns).

horus123 the Poker (Merfolk Gladiator)              Turns: 2045, Time: 00:02:40

Health: -3/34      AC:  4    Str: 14    XL:     4   Next: 56%
Magic:  4/4        EV: 14    Int:  7    God:
Gold:   93         SH:  0    Dex: 17    Spells: 3/3 levels left

rFire   . . .      SeeInvis .   a - +0 trident
rCold   . . .      Faith    .   (no shield)
rNeg    . . .      Spirit   .   b - +0 leather armour
rPois   .          Reflect  .   c - +0 helmet
rElec   .          Harm     .   (no cloak)
rCorr   .          Rampage  .   (no gloves)
Will    .....                   (no boots)
Stlth   +.........              (no amulet)
HPRegen 0.11/turn               (no ring)
MPRegen 0.09/turn               (no ring)

@: lethally poisoned (-3 -> -38)
A: (nimble swimmer 2), mertail
a: no special abilities


You were on level 3 of the Dungeon.
You visited 1 branch of the dungeon, and saw 3 of its levels.

You collected 93 gold pieces.

Inventory:

Hand Weapons
 a - a +0 trident (weapon)
Missiles
 d - 3 throwing nets (quivered)
Armour
 b - a +0 leather armour (worn)
 c - a +0 helmet (worn)
Jewellery
 j - a ring of fire
Potions
 e - a potion of degeneration {unknown}
 f - a potion of might {unknown}
 g - a potion of berserk rage {unknown}
 h - 2 potions of haste
 i - 2 potions of magic {unknown}
 k - a potion of attraction {unknown}


   Skills:
 + Level 2.9 Fighting
 - Level 6.1 Polearms
 - Level 2.0 Throwing
 - Level 5.2 Dodging


You had 3 spell levels left.
You didn't know any spells.
Your spell library was empty.

Dungeon Overview and Level Annotations

Branches:
Dungeon (3/15)

Altars:

Annotations:
D:3 Ijyb


Innate Abilities, Weirdness & Mutations

((You are quick and stealthy near water. (Stealth+, EV+, Speed+++)))
Your lower body shifts to a powerful aquatic tail in water.


Message History

Jessica mumbles some strange words.
Jessica blinks!
You reach to attack!
You closely miss Jessica. You barely miss Jessica.
Jessica gestures wildly while chanting.
Jessica blinks!
You reach to attack!
You closely miss Jessica.
Jessica gestures wildly.
You barely miss Jessica. Jessica barely misses you.
You hit Jessica.
Jessica is severely wounded.
Jessica gestures wildly while chanting.
Jessica seems to speed up.
You puncture Jessica!
You kill Jessica!
No target in view!
Things that are here:
a +0 dagger; a +0 robe; the human corpse of Jessica Ijyb the Twisted Goblin comes into view.
She is wielding a +5 dagger of venom and carrying a wand of iceblast (6).
You hit Ijyb.
Ijyb is lightly wounded.
You closely miss Ijyb.
Ijyb is lightly wounded.
Ijyb hits you with a +5 dagger of venom!
You are poisoned.
You hit Ijyb but do no damage.
Ijyb is lightly wounded.
You feel very sick.
Ijyb hits you with a +5 dagger of venom.
You are lethally poisoned!
You are too injured to fight recklessly!
You hit Ijyb.
Ijyb is moderately wounded.
You feel very sick.
Ijyb hits you with a +5 dagger of venom!
* * * LOW HITPOINT WARNING * * *
You are more poisoned.
You hit Ijyb.
Ijyb is heavily wounded.
You die...

#......#
#..####.#.##.......#
########
#.)####.#<.........#
#....##.####...#####
#.##.##.# #...#
#.##.##.# #...#
#.......# #...#
####..######...#
#.#..........
#..##@.........
#....g.......
.......###.####
###...# .# ##.## #
#. ## ... .# ##


You could see Ijyb.

Vanquished Creatures
  Jessica (D:3)
  2 adders
  A worm (D:2)
  A dart slug (D:1)
  An orc (D:3)
  4 ball pythons
  5 endoplasms
  A giant cockroach (D:3)
  7 goblins
  2 hobgoblins
  5 jackals
  2 bats
  2 frilled lizards
  3 kobolds
37 creatures vanquished.

Notes
Turn   | Place    | Note
-------+----------+-------------------------------------------
     0 | D:1      | horus123 the Merfolk Gladiator began the quest for the Orb.
     0 | D:1      | Reached XP level 1. HP: 16/16 MP: 1/1
   265 | D:1      | Reached skill level 5 in Polearms
   286 | D:1      | Found a faded altar of an unknown god.
   328 | D:1      | Reached XP level 2. HP: 22/22 MP: 2/2
  1097 | D:2      | Reached skill level 6 in Polearms
  1097 | D:2      | Reached XP level 3. HP: 14/27 MP: 3/3
  2007 | D:3      | Reached skill level 5 in Dodging
  2007 | D:3      | Reached XP level 4. HP: 33/33 MP: 4/4
  2017 | D:3      | Noticed Jessica
  2025 | D:3      | Killed Jessica
  2039 | D:3      | Noticed Ijyb
  2045 | D:3      | Succumbed to Ijyb's poison

Illustrated notes

Levels and vault maps discovered:
D:1:      dpeg_arrival_connections, layout_basic, ebering_ecumenical_altar_hall,
          minmay_misc_feat_iff, st_stairs_13
D:2:      layout_loops_ring, wander_ebering_terrifying_dragon_lair
D:3:      layout_loops_cross, uniq_jessica, uniq_ijyb

Skill      XL: |  1  2  3 |
---------------+----------+-----
Polearms       | 5 6 |  6.1
Dodging        | 5 |  5.2
Fighting       | |  2.9
Throwing       | |  2.0

Action                   |  1- 3 |  4- 6 || total
-------------------------+-------+-------++-------
Melee: Trident           |   134 |    11 ||   145
  Use: Scroll            |     4 |       ||     4
 Stab: Sleeping          |     9 |       ||     9
Armor: Leather armour    |    34 |       ||    34
Dodge: Dodged            |    78 |     1 ||    79

Table legend: (Time is in decaauts)
 A = Elapsed time spent in this place.
 B = Non-inter-level travel time spent in this place.
 C = Inter-level travel time spent in this place.
 D = Time resting spent in this place.
 E = Time spent auto-exploring this place.
 F = Levels seen in this place.
 G = Mean time per level.
                   A        B        C        D        E       F      G
               +--------+--------+--------+--------+--------+-----+--------+
         Total |   2046 |   2004 |     42 |      0 |   1710 |   3 |  682.0 |
       Dungeon |   2046 |   2004 |     42 |      0 |   1710 |   3 |  682.0 |
               +--------+--------+--------+--------+--------+-----+--------+

Top non-repeatable levels by time:
     D:2: 1215 daAuts
     D:1: 684 daAuts
     D:3: 145 daAuts
